 Dungeon Sprint DCSS version 0.19.4-10-g532645f (console) character file.

96 itsmu the Blocker (level 8, -12/72 HPs)
             Began as a Formicid Fighter on Feb 25, 2017.
             Was a High Priest of Makhleb.
             Mangled by Aizul (43 damage)
             ... in the Dungeon (Sprint VI: "Thunderdome").
             The game lasted 00:07:01 (793 turns).

itsmu the Blocker (Formicid Fighter)                 Turns: 793, Time: 00:07:02

Health: -12/72     AC:  8    Str: 21    XL:     8   Next: 47%
Magic:  12/12      EV: 12    Int: 12    God:    Makhleb [*****.]
Gold:   265        SH: 12    Dex: 12    Spells: 0 memorised, 7 levels left

rFire  . . .     SeeInvis +     a - +0 long sword
rCold  . . .     Gourm    .     b - +0 scale mail
rNeg   + + .     Faith    .     c - +0 shield
rPois  .         Spirit   .     (helmet unavailable)
rElec  +         Reflect  .     (no cloak)
rCorr  .         Harm     +     (no gloves)
MR     .....                    (no boots)
Stlth  ..........               e - amulet "Dekinowi" {Harm *Drain rElec rN++ Int+4}
                                (no ring)
                                (no ring)

@: lethally poisoned (-12 -> -16)
A: permanent stasis, dig shafts and tunnels, four strong arms, antennae 3
a: Dig, Minor Destruction, Lesser Servant of Makhleb, Major Destruction, Greater
Servant of Makhleb, Renounce Religion


You were in the Dungeon.
You worshipped Makhleb.
Makhleb was extremely pleased with you.
You were not hungry.

You visited 1 branch You collected 310 gold pieces.
You spent 45 gold pieces at shops.

Inventory:

Hand Weapons
 a - a +0 long sword (weapon)
Armour
 b - a +0 scale mail (worn)
 c - a +0 shield (worn)
Jewellery
 e - the amulet "Dekinowi" (around neck) {Harm *Drain rElec rN++ Int+4}
   (You bought it in a shop in the Dungeon)

   [amulet of harm]

   It increases damage dealt and taken.
   It affects your intelligence (+4).
   It insulates you from electricity.
   It greatly protects you from negative energy.
   It causes draining when unequipped.
Wands
 l - a wand of acid (0/15)
   (You found it in the Dungeon)
 m - a wand of iceblast (5/15)
   (You found it in the Dungeon)
Scrolls
 k - 4 scrolls of blinking
 o - 3 scrolls of fog
Potions
 g - 2 potions of resistance
 h - 4 potions of haste
 i - 2 potions of magic
 j - a potion of berserk rage
 n - 2 potions of heal wounds
Comestibles
 d - 5 chunks of flesh
 f - a bread ration


   Skills:
 * Level 9.9 Fighting
 + Level 6.4 Long Blades
 * Level 9.9 Armour
 + Level 4.9 Dodging
 * Level 10.2 Shields
 + Level 6.5 Invocations


You had 7 spell levels left.
You didn't know any spells.

Dungeon Overview and Level Annotations

Branches:
Dungeon (1/1)

Altars:
Cheibriados
Dithmenos
Fedhas
Gozag
Kikubaaqudgha
Makhleb
Okawaru
Qazlal
Ru
Sif Muna
Trog
Uskayaw
Vehumet
Xom
Yredelemnul
Zin
The Shining One
Beogh
Jiyva
Lugonu

Shops:
D *[%??*?*:[((!!!!

Annotations:
D Aizul


Innate Abilities, Weirdness & Mutations

You are under a permanent stasis effect.
You can dig through walls and to a lower floor.
Your four strong arms can wield two-handed weapons with a shield.
You have a pair of large antennae on your head. (SInv)


Message History

Aizul is heavily wounded.
You feel sick. Aizul misses you.
You riposte.
You miss Aizul.
Aizul is heavily wounded.
Aizul closely misses you.
You riposte.
You hit Aizul.
Aizul is heavily wounded.
You closely miss Aizul.
Aizul is heavily wounded.
Aizul casts a spell at you. You resist with significant effort.
Okay, then.
You barely miss Aizul.
Aizul is heavily wounded.
You feel sick. Aizul casts a spell at you.
You fall asleep.
Aizul casts a spell at you. The bolt of poison misses you.
You feel sick. Aizul hits you!!!
You wake up.
Ouch! That really hurt!
You die...

##### ##⌠⌠⌠## #.....#
##.....## ##∩..M..∩##
#∩...S$..∩# #_........#
#_......._# #_......._#
###.........###
#⌠..........[⌠#
######.8.........8.######
##∩___......###......__.∩##


You could see Aizul.

Vanquished Creatures
  Sigmund (D)
  A porcupine (D)
  4 sky beasts (D)
  A crocodile (D)
  A gnoll shaman (D)
  2 hounds (D)
  Crazy Yiuf (D)
  A lightning spire (D)
  2 gnolls (D)
  2 adders (D)
  A bat (D)
  A frilled lizard (D)
18 creatures vanquished.

Vanquished Creatures (collateral kills)
  A yak (D)
  A crocodile (D)
  A hell rat (D)
3 creatures vanquished.

Grand Total: 21 creatures vanquished

Notes
Turn   | Place    | Note
-------+----------+-------------------------------------------
     0 | D        | itsmu the Formicid Fighter began the quest for the Orb.
     0 | D        | Reached XP level 1. HP: 18/18 MP: 1/1
     1 | D        | Found an opulent altar of Gozag.
     1 | D        | Found a glowing silver altar of Zin.
     2 | D        | Found a glowing golden altar of the Shining One.
     2 | D        | Found a burning altar of Makhleb.
     3 | D        | Found a basalt altar of Yredelemnul.
     3 | D        | Found a radiant altar of Vehumet.
     4 | D        | Found Cuxuy's Identification Station.
     4 | D        | Found a roughly hewn altar of Beogh.
     4 | D        | Found a stormy altar of Qazlal.
     4 | D        | Found Naovuhun's Bee Food.
     5 | D        | Found Uwkutal's Advanced Armour.
     5 | D        | Found Sysof's Jewellery.
     5 | D        | Round 1.
    28 | D        | Found an ancient bone altar of Kikubaaqudgha.
    42 | D        | Reached XP level 2. HP: 9/25 MP: 2/2
    48 | D        | Found a bloodstained altar of Trog.
    56 | D        | Found a shadowy altar of Dithmenos.
    57 | D        | Found Luaqyl's Premium Goods.
    58 | D        | Found Uhoot's Miscellaneous Merchandise.
    58 | D        | Found Bilashri's Basic Armour.
    65 | D        | Became a worshipper of Makhleb the Destroyer
    68 | D        | Found Keoskem's Weapon Rack.
    68 | D        | Found a blossoming altar of Fedhas.
    68 | D        | Found a hide-covered altar of Uskayaw.
    79 | D        | Found an iron altar of Okawaru.
    81 | D        | Found a shimmering altar of Xom.
    81 | D        | Found Taxuh's Do-It-Yourself Clinic.
    81 | D        | Found Tuts's Bottled Wisdom.
    82 | D        | Found Fuiket's Distillery.
    83 | D        | Found a corrupted altar of Lugonu.
    83 | D        | Found a sacrificial altar of Ru.
    83 | D        | Found Botif's Distillery.
    97 | D        | Noticed Sigmund
    98 | D        | Found a deep blue altar of Sif Muna.
   115 | D        | Killed Sigmund
   115 | D        | Reached skill level 6 in Shields
   115 | D        | Reached XP level 3. HP: 23/35 MP: 2/5
   115 | D        | Reached XP level 4. HP: 27/41 MP: 2/6
   115 | D        | Reached XP level 5. HP: 31/47 MP: 2/7
   116 | D        | Found a snail-covered altar of Cheibriados.
   116 | D        | Found Zanewor Emio's Staff Store.
   116 | D        | Found Rebbox's Must-Have Magic.
   117 | D        | Found Vucem's Magic Scroll Shop.
   118 | D        | Found a viscous altar of Jiyva.
   118 | D        | Found Sodalo's Magic Scroll Shop.
   127 | D        | Reached * piety under Makhleb
   146 | D        | Arena points: 12 (+12) [x2]
   204 | D        | Round 2.
   213 | D        | Reached skill level 7 in Shields
   213 | D        | Reached XP level 6. HP: 38/55 MP: 7/9
   247 | D        | Noticed Crazy Yiuf
   258 | D        | Killed Crazy Yiuf
   258 | D        | Reached ** piety under Makhleb
   350 | D        | Reached skill level 5 in Long Blades
   353 | D        | Arena points: 54 (+42) [x3]
   377 | D        | Bought a bound jade amulet for 45 gold pieces
   377 | D        | Identified the amulet "Dekinowi" {Harm *Drain rElec rN++ Int+4} (You bought it in a shop in the Dungeon)
   403 | D        | Round 3.
   444 | D        | Noticed a sky beast
   447 | D        | Killed a sky beast
   447 | D        | Reached *** piety under Makhleb
   447 | D        | Reached skill level 8 in Shields
   447 | D        | Reached skill level 5 in Invocations
   447 | D        | Reached XP level 7. HP: 52/63 MP: 10/10
   542 | D        | Reached skill level 9 in Shields
   571 | D        | Reached **** piety under Makhleb
   571 | D        | Arena points: 72 (+18) [x1]
   586 | D        | Round 4.
   604 | D        | Reached XP level 8. HP: 16/71 MP: 12/12
   640 | D        | Noticed a yak
   699 | D        | Reached ***** piety under Makhleb
   699 | D        | Reached skill level 10 in Shields
   703 | D        | Killed a yak
   761 | D        | Arena points: 96 (+24) [x1]
   776 | D        | Round 5.
   783 | D        | Noticed Aizul
   793 | D        | Mangled by Aizul

Skill      XL: |  1  2  3  4  5  6  7  8 |
---------------+-------------------------+-----
Fighting       | 4 6 7 8 9 |  9.9
Long Blades    | 3 4 5 6 |  6.4
Armour         | 4 6 7 8 9 |  9.9
Dodging        | 2 3 4 |  4.9
Shields        | 6 7 8 9 10 | 10.2
Invocations    | 3 4 5 6 |  6.5

Action                   |  1- 3 |  4- 6 |  7- 9 || total
-------------------------+-------+-------+-------++-------
Melee: Long sword        |    26 |    36 |    46 ||   108
Invok: Minor Destruction |       |     2 |       ||     2
       Lesser Servant of |       |       |     1 ||     1
Evoke: Wand              |       |       |     5 ||     5
  Use: Potion            |     3 |       |     1 ||     4
Armor: Scale mail        |    12 |     9 |    13 ||    34
Dodge: Dodged            |    12 |    13 |    13 ||    38
Block: Shield            |     2 |    17 |    14 ||    33
       Rpst.: Long sword |     4 |     4 |     4 ||    12
